Map: [ESL] Oceanborn

Players

Serral - Winner!

  • Race: Zerg Zerg
  • Spawn Location: 11:00

Firefly

  • Race: Protoss Protoss
  • League: Master
  • Spawn Location: 5:00

Event: IEM Katowice 2024

VOD

Have the link to the VOD?

Description

Time

  • Played on: Feb. 8, 2024, 11:03 a.m.
  • Length: 14:46

All games in this series

Show
View Real Time Build Order
Export as new Build Order

Serral Zerg - Winner!

Build Orders: Hatch First, Lurkers, Roach Hydra 

Get SALT Encoding   

  12  0:00  Drone  
  13  0:12  Overlord  
  13  0:17  Drone  
  14  0:30  Drone x2  
  16  0:47  Hatchery  
  15  0:50  Drone  
  15  0:54  Drone  
  18  0:57  Drone  
  18  1:08  Extractor  
  17  1:12  Spawning Pool  
  17  1:15  Drone  
  17  1:19  Drone  
  18  1:27  Drone  
  19  1:38  Drone  
  20  1:49  Drone  
  21  1:58  Queen  
  21  1:59  Queen  
  21  2:00  Zergling x2  
  21  2:01  Overlord  
  26  2:10  Drone x2, Metabolic Boost  
  28  2:21  Drone x2  
  30  2:31  Hatchery  
  30  2:33  Drone  
  30  2:34  Drone  
  31  2:42  Overlord  
  31  2:45  Queen  
  31  2:48  Drone  
  34  2:52  Drone  
  34  2:53  Drone  
  36  3:00  Queen  
  36  3:03  Overlord  
  38  3:06  Drone  
  38  3:07  Drone  
  38  3:08  Drone  
  38  3:10  Drone  
  42  3:14  Drone  
  43  3:21  Queen  
  43  3:23  Overlord  
  43  3:25  Drone  
  46  3:28  Drone  
  47  3:35  Drone, Spore Crawler x2  
  47  3:37  Queen  
  47  3:39  Drone  
  49  3:45  Zergling x4  
  49  3:46  Drone x2  
  49  3:47  Drone  
  54  3:52  Overlord  
  54  3:54  Drone x2  
  56  3:57  Overlord  
  56  4:02  Overlord  
  56  4:05  Drone x2  
  56  4:08  Drone x2  
  58  4:10  Zergling x2  
  58  4:11  Zergling x2  
  58  4:15  Queen  
  62  4:18  Drone x2  
  62  4:20  Drone x2  
  66  4:26  Zergling x2  
  66  4:30  Zergling x2, Overlord  
  69  4:31  Drone x5  
  69  4:33  Drone  
  74  4:38  Drone  
  74  4:41  Drone  
  73  4:46  Extractor, Lair  
  73  4:47  Drone x2  
  73  4:50  Roach Warren, Overlord  
  73  4:52  Drone x2  
  75  4:54  Drone  
  75  4:55  Overlord  
  76  5:00  Overlord  
  76  5:05  Hatchery  
  76  5:06  Drone x2  
  77  5:12  Drone x2  
  77  5:13  Extractor  
  78  5:14  Evolution Chamber  
  78  5:16  Drone x5  
  78  5:19  Overlord  
  78  5:20  Drone  
  82  5:23  Overlord  
  82  5:24  Drone x2  
  82  5:27  Spore Crawler  
  82  5:28  Drone x2, Extractor  
  84  5:33  Zergling x4  
  85  5:38  Drone  
  85  5:42  Drone x3  
  88  5:43  Extractor, Glial Reconstitution  
  88  5:44  Zerg Missile Weapons Level 1  
  88  5:45  Drone x3  
  88  5:46  Overseer  
  88  5:48  Drone x2  
  92  5:56  Infestation Pit, Drone  
  92  5:57  Drone, Extractor  
  93  6:00  Drone x3  
  95  6:09  Drone x2  
  97  6:12  Drone x7  
  97  6:16  Hydralisk Den  
  97  6:17  Drone  
  104  6:20  Queen  
  104  6:21  Overlord  
  104  6:22  Roach x2  
  110  6:28  Drone  
  110  6:29  Spore Crawler, Overlord  
  110  6:30  Pneumatized Carapace, Extractor  
  110  6:31  Extractor, Roach x3  
  114  6:34  Hive  
  114  6:39  Roach x3  
  120  6:48  Drone, Lurker Den  
  120  6:50  Grooved Spines  
  120  6:53  Roach x3  
  126  6:56  Overlord  
  126  6:59  Overlord  
  126  7:01  Roach x6  
  138  7:05  Overlord  
  138  7:06  Zergling x10  
  143  7:11  Zergling x8  
  147  7:20  Overseer  
  147  7:22  Zergling x8  
  151  7:24  Hatchery  
  151  7:25  Overlord  
  150  7:32  Hydralisk x2  
  150  7:33  Hydralisk x5  
  164  7:41  Hydralisk x2, Muscular Augments  
  164  7:42  Zergling x12  
  172  7:49  Zergling x8  
  161  7:55  Hydralisk x6  
  159  8:00  Hydralisk x2  
  159  8:01  Zergling x4  
  159  8:05  Seismic Spines  
  161  8:09  Overlord x2  
  161  8:10  Zerg Missile Weapons Level 2  
  161  8:12  Lurker x2  
  163  8:13  Lurker  
  163  8:17  Drone x2  
  163  8:18  Drone  
  163  8:19  Drone  
  168  8:20  Lurker x2  
  168  8:25  Extractor  
  169  8:27  Lurker, Overseer  
  169  8:28  Zergling x10  
  169  8:30  Extractor  
  169  8:33  Lurker  
  175  8:34  Hydralisk  
  175  8:35  Zergling x12  
  183  8:41  Lurker x2  
  183  8:46  Drone  
  186  8:54  Lurker, Spore Crawler  
  186  8:55  Lurker x2, Spine Crawler  
  188  8:56  Zergling x22  
  198  9:03  Overseer  
  198  9:04  Lurker  
  198  9:05  Lurker  
  196  9:13  Hydralisk x2  
  196  9:14  Zergling x8  
  197  9:19  Hydralisk  
  197  9:20  Zergling x6, Hydralisk  
  198  9:28  Drone  
  198  9:29  Drone, Spine Crawler  
  198  9:30  Zergling x2  
  190  9:39  Hydralisk x2  
  190  9:40  Zergling x4, Hydralisk x3  
  190  9:42  Overlord x2  
  190  9:44  Overlord  
  189  9:48  Drone x2  
  188  9:52  Hydralisk  
  188  9:53  Zergling x10, Hydralisk  
  188  9:54  Zergling x2  
  188  9:55  Overlord x2  
  195  10:01  Overlord  
  195  10:03  Overseer, Adaptive Talons  
  195  10:05  Zergling x2, Hydralisk x2  
  195  10:06  Zergling x2  
  196  10:08  Hydralisk  
  195  10:16  Lurker x5  
  195  10:20  Overlord  
  199  10:27  Zerg Missile Weapons Level 3  
  190  10:30  Hydralisk x2  
  190  10:31  Zergling x2  
  190  10:38  Hydralisk x2  
  190  10:39  Zergling x8  
  190  10:41  Hatchery  
  178  10:51  Lurker x5  
  178  10:52  Spire  
  179  10:58  Zergling x18  
  179  11:03  Overseer  
  185  11:04  Drone x5  
  185  11:08  Hydralisk x2  
  194  11:17  Hydralisk x2  
  194  11:18  Zergling x2  
  195  11:29  Adrenal Glands  
  195  11:30  Evolution Chamber  
  192  11:53  Zergling x14  
  199  11:56  Zerg Melee Weapons Level 1  
  197  12:01  Zergling x6  
  197  12:06  Greater Spire  
  199  12:09  Overseer  
  199  12:15  Corruptor x3  
  198  12:23  Corruptor x3  
  192  12:31  Ultralisk Cavern  
  192  12:33  Corruptor x6  
  178  12:38  Hydralisk  
  178  12:39  Zergling x18, Hydralisk x5  
  178  12:40  Zergling x4  
  191  12:47  Hydralisk x6  
  186  12:54  Zergling x10  
  186  12:55  Zergling x6  
  194  13:02  Lurker  
  195  13:10  Zergling x8  
  174  13:23  Zergling x2, Hydralisk x2  
  174  13:24  Zergling x10  
  174  13:26  Zergling x24  
  170  13:35  Hydralisk  
  170  13:36  Zergling x18, Hydralisk  
  180  13:43  Zergling x20  
  189  13:52  Hydralisk  
  189  13:53  Zergling x8, Hydralisk  
  197  14:01  Lurker x3  
  200  14:02  Overseer  
  197  14:20  Zergling x22  
  189  14:24  Zergling x12  
  189  14:27  Zergling x2  
Show
View Real Time Build Order
Export as new Build Order

Firefly Protoss 

Build Orders: 1 Gate Expand, Oracle Opening, Zealot Archon 

Get SALT Encoding   

  12  0:00  Probe  
  13  0:12  Probe  
  14  0:19  Pylon  
  14  0:24  Probe  
  15  0:29  Assimilator  
  15  0:37  Probe (Chrono Boost)  
  16  0:43  Gateway  
  16  0:49  Probe (Chrono Boost)  
  17  0:54  Probe (Chrono Boost)  
  18  1:03  Probe  
  19  1:19  Nexus  
  19  1:30  Cybernetics Core  
  19  1:31  Probe  
  20  1:38  Assimilator  
  20  1:43  Probe (Chrono Boost)  
  20  1:46  Pylon  
  21  1:55  Probe (Chrono Boost)  
  22  2:02  Probe (Chrono Boost)  
  22  2:06  Stargate  
  23  2:08  Adept  
  23  2:13  Probe  
  26  2:17  Warp Gate  
  26  2:28  Probe (Chrono Boost)  
  27  2:31  Probe (Chrono Boost)  
  28  2:39  Gateway  
  28  2:40  Probe (Chrono Boost)  
  28  2:41  Probe (Chrono Boost)  
  30  2:45  Probe (Chrono Boost)  
  30  2:46  Oracle (Chrono Boost)  
  34  2:52  Probe  
  34  2:57  Probe  
  36  3:04  Probe  
  37  3:08  Pylon  
  37  3:09  Probe  
  38  3:13  Oracle (Chrono Boost)  
  38  3:16  Probe  
  42  3:21  Probe  
  43  3:28  Probe  
  43  3:34  Probe  
  45  3:35  Nexus  
  45  3:40  Probe  
  46  3:41  Oracle (Chrono Boost)  
  46  3:46  Probe  
  50  3:50  Pylon  
  50  3:53  Probe  
  51  3:56  Assimilator  
  51  3:57  Assimilator  
  51  3:58  Probe  
  52  4:06  Probe  
  53  4:10  Probe  
  53  4:11  Twilight Council  
  53  4:14  Forge  
  54  4:21  Probe (Chrono Boost)  
  54  4:23  Gateway  
  54  4:24  Gateway, Probe (Chrono Boost)  
  57  4:33  Probe (Chrono Boost)  
  57  4:34  Probe (Chrono Boost)  
  57  4:37  Blink (Chrono Boost)  
  58  4:40  Probe  
  58  4:42  Probe (Chrono Boost)  
  57  4:46  Protoss Ground Weapons Level 1 (Chrono Boost)  
  57  4:47  Probe (Chrono Boost)  
  57  4:50  Stalker x2  
  63  4:53  Probe (Chrono Boost)  
  63  4:59  Probe (Chrono Boost)  
  65  5:00  Probe (Chrono Boost)  
  65  5:03  Probe (Chrono Boost)  
  65  5:06  Probe (Chrono Boost)  
  68  5:08  Probe x2 (Chrono Boost)  
  68  5:14  Probe  
  70  5:18  Nexus, Probe  
  69  5:22  Stalker  
  69  5:23  Stalker  
  69  5:24  Probe  
  69  5:26  Probe  
  75  5:30  Pylon  
  75  5:31  Probe  
  76  5:38  Probe  
  76  5:42  Pylon  
  77  5:47  Templar Archives  
  77  5:48  Robotics Facility, Probe x2, Pylon  
  79  5:51  Gateway  
  79  5:52  Gateway  
  79  5:54  Probe  
  79  5:55  Gateway  
  80  6:01  Assimilator x2, Probe  
  80  6:02  Probe  
  82  6:07  Probe  
  82  6:08  Pylon  
  83  6:13  Probe  
  83  6:16  Probe  
  85  6:19  Probe  
  85  6:23  Gateway  
  85  6:25  Gateway, Probe  
  86  6:26  Psionic Storm  
  86  6:28  Gateway, Pylon, Probe  
  86  6:30  Probe  
  86  6:31  Probe  
  86  6:32  Charge  
  90  6:37  Probe  
  90  6:38  Observer (Chrono Boost)  
  90  6:39  High Templar x4  
  100  6:40  Probe  
  100  6:42  Shield Battery, Probe  
  100  6:43  Protoss Ground Armor Level 1 (Chrono Boost), Probe  
  103  6:47  Pylon  
  103  6:50  Probe  
  103  6:52  Probe  
  105  6:55  Warp Prism (Chrono Boost)  
  105  6:58  Shield Battery  
  105  7:00  Pylon, Stalker  
  109  7:01  Stalker  
  109  7:03  Stalker  
  113  7:13  Stalker x4  
  121  7:30  Stalker x6  
  133  7:38  Assimilator  
  133  7:39  Observer  
  133  7:40  Assimilator  
  133  7:47  Archon  
  133  7:48  Archon  
  115  8:02  Stalker x8  
  115  8:03  Stalker  
  115  8:04  Stalker  
  133  8:08  Probe x3  
  136  8:17  Forge  
  136  8:18  Protoss Ground Weapons Level 2 (Chrono Boost)  
  136  8:21  Probe x2  
  142  8:27  Nexus  
  142  8:29  Pylon  
  142  8:30  Photon Cannon  
  142  8:31  Probe  
  142  8:32  Probe  
  144  8:39  Robotics Facility, Probe x2  
  144  8:40  Robotics Bay  
  146  8:41  Zealot  
  146  8:44  Immortal, Pylon  
  146  8:48  Pylon  
  148  8:49  Pylon  
  148  8:50  Protoss Ground Armor Level 2 (Chrono Boost)  
  148  8:59  Zealot x4  
  154  9:11  Zealot x6  
  154  9:16  Pylon x2  
  164  9:17  Pylon  
  158  9:29  Zealot x4, Disruptor x2  
  158  9:31  Zealot x4  
  168  9:33  Zealot  
  152  9:56  Stalker x4  
  152  9:57  Stalker x4  
  161  10:01  Disruptor (Chrono Boost)  
  161  10:02  Disruptor (Chrono Boost)  
  159  10:14  Stalker  
  159  10:15  Stalker  
  159  10:33  Fleet Beacon  
  159  10:34  Zealot x6, Disruptor x2 (Chrono Boost)  
  175  10:35  Stargate  
  175  10:37  Stargate  
  145  10:59  Zealot x7  
  145  11:03  Immortal (Chrono Boost)  
  167  11:12  Pylon  
  167  11:13  Immortal (Chrono Boost)  
  167  11:15  Protoss Air Weapons Level 1  
  167  11:18  Tempest (Chrono Boost)  
  161  11:23  Tempest x2 (Chrono Boost)  
  168  11:35  Immortal  
  170  11:40  High Templar  
  170  11:42  Photon Cannon  
  170  11:44  Photon Cannon  
  170  11:45  Immortal  
  172  11:48  Photon Cannon  
  172  11:51  Photon Cannon  
  172  11:52  Tempest (Chrono Boost)  
  172  11:53  Photon Cannon  
  173  11:59  Tempest x2  
  182  12:08  Zealot x3  
  164  12:48  Nexus  
  164  13:00  Pylon  
  164  13:02  Pylon x2  
  164  13:05  Photon Cannon, Pylon  
  162  13:06  Photon Cannon  
  162  13:07  Shield Battery, Pylon  
  162  13:08  Pylon  
  162  13:17  Nexus  
  162  13:18  Pylon  
  162  13:20  Tempest x3 (Chrono Boost)  
  152  13:31  Stalker x4  
  135  13:36  Disruptor x2  
  128  13:52  Assimilator  
  128  13:54  Assimilator  
  128  13:57  High Templar x4  
  128  13:59  Tempest x3 (Chrono Boost)  
  128  14:01  Photon Cannon  
  157  14:03  Photon Cannon  
  157  14:05  Shield Battery  
  141  14:25  Archon x2  

Tags
 
Add a new tag
Caveats
  • Supply blocks, unpowered buildings, or Contaminate may cause inaccurate times.
  • Supply counts are checked every 10 seconds.